 Dungeon Crawl Stone Soup version 0.25.1-1-g288607f (webtiles) character file.

Game seed: 4210596535228587483

78 Gadfly the Skirmisher (level 4, 0/35 HPs)
             Began as a Formicid Abyssal Knight on July 20, 2020.
             Was a Believer of Lugonu.
             Slain by an adder (3 damage)
             ... on level 3 of the Dungeon.
             The game lasted 00:03:56 (2061 turns).

Gadfly the Skirmisher (Formicid Abyssal Knight)     Turns: 2061, Time: 00:03:57

Health: 0/35       AC:  0    Str: 18    XL:     4   Next: 61%
Magic:  6/6        EV: 12    Int: 11    God:    Lugonu [**....]
Gold:   133        SH:  0    Dex: 10    Spells: 3/3 levels left

rFire    + . .     SeeInvis +   a - +1 hand axe
rCold    + + .     Gourm    .   (no shield)
rNeg     . . .     Faith    .   (no armour)
rPois    +         Spirit   .   (helmet unavailable)
rElec    +         Reflect  .   (no cloak)
rCorr    +         Harm     .   (no gloves)
MR       .....                  (no boots)
Stlth    +.........             (no amulet)
HPRegen  0.11/turn              g - ring of protection from cold
MPRegen  0.10/turn              h - ring of poison resistance

@: lethally poisoned (0 -> -6), resistant
A: permanent stasis, dig shafts and tunnels, four strong arms, antennae 3
a: Dig, Shaft Self, Depart the Abyss, Bend Space, Renounce Religion


You were on level 3 of the Dungeon.
You worshipped Lugonu.
Lugonu was pleased with you.
You were hungry.

You visited 1 branch of the dungeon, and saw 3 of its levels.
You visited the Abyss 1 time.

You collected 133 gold pieces.

Inventory:

Hand Weapons
 a - a +1 hand axe (weapon)
Armour
 m - a +0 chain mail
Jewellery
 g - a ring of protection from cold (left hand)
 h - a ring of poison resistance (right hand)
Scrolls
 j - 3 scrolls of magic mapping
Potions
 b - a potion of resistance
 d - a potion of might
 e - 3 potions of brilliance
 i - a potion of stabbing {unknown}
 l - a potion of magic {unknown}
Comestibles
 c - 5 rations


   Skills:
 - Level 3.5 Fighting
 * Level 3.3 Axes
 - Level 2.5 Armour
 - Level 1.2 Dodging
 + Level 3.3 Invocations


You had 3 spell levels left.
You didn't know any spells.
Your spell library was empty.

Dungeon Overview and Level Annotations

Branches:
Dungeon (3/15)

Altars:


Innate Abilities, Weirdness & Mutations

You cannot be hasted, slowed, berserked, paralysed or teleported.
You can dig through walls and to a lower floor.
Your four strong arms can wield two-handed weapons with a shield.
You have a pair of large antennae on your head. (SInv)


Message History

You are too injured to fight recklessly!
You are too injured to fight recklessly!
You are too injured to fight recklessly!
You miss the adder.
The adder is almost dead.
You feel sick. The adder bites you.
You barely miss the adder.
The adder is almost dead.
You feel sick. The adder bites you.
* * * LOW HITPOINT WARNING * * *
The adder closely misses you.
You hit the adder but do no damage.
The adder is almost dead.
* * * LOW HITPOINT WARNING * * *
You feel sick. The adder bites you.
* * * LOW HITPOINT WARNING * * *
It was a potion of resistance.
You feel protected. The adder bites you.
You die...

#. . #. .##. ##..
... ....... #..#.#
########
#....##.#.....#
#.#S#.##.....#
#.####..@# #....<#
#.......####.....#
#####......#.....#
#.#.##.###.###
#.#.##.###.###
#............####.#
#..###.##.........#
#..###.##....######
#.........#.##


You could see an adder.

Vanquished Creatures
  Jessica (D:2)
  An adder (D:2)
  A worm (D:2)
  2 leopard geckos (D:1)
  A giant cockroach (D:1)
  4 goblins
  3 hobgoblins
  9 kobolds
  2 ball pythons (D:2)
  7 bats
  6 frilled lizards
  3 rats
40 creatures vanquished.

Notes
Turn   | Place    | Note
-------+----------+-------------------------------------------
     0 | Abyss:1  | Gadfly the Formicid Abyssal Knight began the quest for the
                  | Orb.
     0 | Abyss:1  | Reached XP level 1. HP: 18/18 MP: 2/2
    41 | D:1      | Escaped the Abyss
   106 | D:1      | Reached skill level 1 in Dodging
   220 | D:1      | Reached XP level 2. HP: 23/24 MP: 3/3
   721 | D:1      | Reached ** piety under Lugonu
   795 | D:1      | Reached XP level 3. HP: 28/29 MP: 4/4
  1643 | D:2      | Reached XP level 4. HP: 26/35 MP: 6/6
  1768 | D:2      | Noticed Jessica
  1771 | D:2      | Killed Jessica
  2061 | D:3      | Slain by an adder

Illustrated notes

Levels and vault maps discovered:
D:1:      wander_arrival_abandoned_jail, layout_basic
D:2:      layout_rooms, uniq_jessica
D:3:      layout_loops_cross, tso_altar, uniq_ijyb

Skill      XL: |  1  2  3  4 |
---------------+-------------+-----
Dodging        | 1 |  1.2
Invocations    | 3 |  3.3
Axes           | 3 |  3.3
Fighting       | |  3.5
Armour         | |  2.5

Action                   |  1- 3 |  4- 6 || total
-------------------------+-------+-------++-------
Melee: Hand axe          |   113 |    22 ||   135
  Use: Scroll            |     6 |       ||     6
       Potion            |       |     1 ||     1
  Eat: Chunk             |     2 |     1 ||     3
Armor: Leather armour    |    29 |       ||    29
Dodge: Dodged            |    68 |    13 ||    81
